 Dungeon Crawl Stone Soup version 0.22.0-38-g04b72b8 (webtiles) character file.

3656 Gildeon the Geomancer (level 10, 0/56 HPs)
             Began as a Gargoyle Earth Elementalist on Aug 26, 2018.
             Was an Initiate of Cheibriados.
             Slain by Erica
             ... wielding a +3 scimitar of flaming
              (2 damage)
             ... on level 7 of the Dungeon.
             The game lasted 01:01:36 (8143 turns).

Gildeon the Geomancer (Gargoyle Earth Elementalist) Turns: 8143, Time: 01:01:39

Health: 0/56       AC: 14    Str: 14    XL:     10   Next: 12%
Magic:  13/19      EV: 11    Int: 29    God:    Cheibriados [......]
Gold:   518        SH:  0    Dex: 11    Spells: 0/22 levels left

rFire    . . .     SeeInvis .   u - +4 flail
rCold    . . .     Gourm    .   (no shield)
rNeg     + . .     Faith    .   f - +0 ring mail
rPois    ∞         Spirit   .   a - +0 helmet
rElec    +         Reflect  .   (no cloak)
rCorr    .         Harm     .   (no gloves)
MR       .....                  (no boots)
Stlth    +.........             (no amulet)
HPRegen  0.18/turn              o - +4 ring of intelligence
MPRegen  0.16/turn              i - +6 ring of intelligence

@: slowed, invisible, very slow
A: negative energy resistance 1, electricity resistance, unbreathing,
petrification resistance, rot immunity, AC +7
a: Bend Time, Renounce Religion


You were on level 7 of the Dungeon.
You worshipped Cheibriados.
Cheibriados was noncommittal.
You were not hungry.

You visited 2 branches of the dungeon, and saw 9 of its levels.

You collected 518 gold pieces.

Inventory:

Hand Weapons
 u - a +4 flail (weapon)
Missiles
 b - 44 stones (quivered)
Armour
 a - a +0 helmet (worn)
 c - a +0 robe
 f - a +0 ring mail (worn)
 n - a +0 chain mail
 t - a +0 leather armour
 B - a +0 scale mail
 D - a +0 plate armour
Jewellery
 h - an uncursed ring of fire
 i - a +6 ring of intelligence (right hand)
 o - a +4 ring of intelligence (left hand)
 y - an uncursed ring of positive energy
 z - an uncursed ring of protection from fire
Wands
 q - a wand of scattershot (8)
 r - a wand of clouds (4)
Scrolls
 g - a scroll of fog
 j - 4 scrolls of teleportation
 m - 5 scrolls of remove curse
 p - 4 scrolls of amnesia
 C - 4 scrolls of blinking
Potions
 e - 2 potions of flight
 k - 2 potions of agility
 s - 2 potions of lignification
 v - 2 potions of magic
 x - a potion of heal wounds {unknown}
 F - a potion of curing
Comestibles
 d - 7 rations


   Skills:
 - Level 3.1 Fighting
 - Level 2.0 Maces & Flails
 - Level 3.0 Armour
 - Level 2.0 Dodging
 - Level 2.1 Stealth
 + Level 6.6 Spellcasting
 - Level 5.6 Conjurations
 - Level 5.0 Hexes
 + Level 3.2 Translocations
 - Level 5.0 Transmutations
 - Level 5.0 Ice Magic
 + Level 0.1 Air Magic
 + Level 9.1 Earth Magic
 - Level 2.0 Evocations


You couldn't memorise any spells.
You knew the following spells:

 Your Spells              Type           Power        Failure   Level  Hunger
a - Sandblast             Erth           ######       1%          1    None
b - Passwall              Tmut/Erth      ######..     1%          2    None
c - Stone Arrow           Conj/Erth      ######       1%          3    None
d - Petrify               Tmut/Erth      ######..     6%          4    ##.....
e - Lee's Rapid Deconstr  Erth           ######....   7%          5    #####..
f - Ensorcelled Hibernat  Hex/Ice        #####.       1%          2    None
g - Shock                 Conj/Air       ####         3%          1    None
h - Static Discharge      Conj/Air       ####....     10%         3    None
i - Apportation           Tloc           ####..       2%          1    None

Your spell library contained the following spells:

 Spells                   Type           Power        Failure   Level  Hunger
 Confusing Touch          Hex            #####.       1%          1    None
 Shroud of Golubria       Chrm/Tloc      ###.......   9%          2    None
 Animate Skeleton         Necr           N/A          11%         1    None
 Infusion                 Chrm           #...         11%         1    None
 Summon Small Mammal      Summ           #...         11%         1    None
 Spectral Weapon          Hex/Chrm       ###.....     12%         3    None
 Song of Slaying          Chrm           #.......     16%         2    None
 Swiftness                Chrm/Air       #.......     16%         2    None
 Regeneration             Chrm/Necr      #.........   32%         3    None
 Borgnjor's Vile Clutch   Necr/Erth      #####.....   41%         5    #####..
 Lightning Bolt           Conj/Air       ####......   65%         5    #####..
 Airstrike                Air            ##........   69%         4    ##.....
 Silence                  Hex/Air        ###.......   71%         5    #####..
 Darkness                 Hex            #####.....   91%         6    ######.
 Shadow Creatures         Summ           N/A          100%        6    ######.


Dungeon Overview and Level Annotations

Branches:
Dungeon (8/15)             Temple (1/1) D:7
   Lair: D:8-11

Altars:
Ashenzari
Cheibriados
Fedhas
Gozag
Makhleb
Nemelex Xobeh
Okawaru
Qazlal
Ru
Vehumet
Wu Jian
Xom
Zin
The Shining One

Shops:
D:4 %

Annotations:
D:7 Erica


Innate Abilities, Weirdness & Mutations

You are resistant to torment.
Your stone body is resilient. (AC +7)
You are immune to poison.
You resist negative energy. (rN+)
You are resistant to electric shocks. (rElec)
You can survive without breathing.
You are immune to petrification.
You are immune to rotting.


Message History

You are struck by lightning.
You resist.
* * * LOW HITPOINT WARNING * * *
The lightning grounds out.
Something hits you but does no damage.
Casting: Static Discharge (safe; 10% risk of failure)
Confirm with . or Enter, or press ? or * to list all spells.
You don't know that spell.
Casting: Static Discharge (safe; 10% risk of failure)
Confirm with . or Enter, or press ? or * to list all spells.
Something is struck by lightning.
The lightning arcs!
You are struck by lightning.
You resist.
You hear some strange, mumbled words.
You feel yourself slow down.
It was a potion of invisibility.
You fade into invisibility!
You hear some strange, mumbled words.
A bolt of poison appears from out of thin air!
The bolt of poison hits you! You resist. Something hits you.
* * * LOW HITPOINT WARNING * * *
Something burns you.
You die...

####### #.## ......### ##.#
........### ############..#
...####...######............##
....# ####..........#########
....# ###.......## >...#
##......# #...# #...{..##
##..# ##...@...# #...#
##>.......## ....#
#..........# ....#
##.<........# #...##
#..######...# ##.#.#####..#
#...# ##.####..^..# #...#
..##....#..## #...###
..#....##..# ##.....#######


There were no monsters in sight!

Vanquished Creatures
  Grinder (D:6)
  A hornet (D:7)
  Sigmund (D:3)
  A hungry ghost (D:7)
  A sky beast (D:4)
  2 ice beasts
  A phantom (D:6)
  2 orc warriors
  5 ogres
  A centaur (D:6)
  A crocodile (D:7)
  2 bullfrogs (D:6)
  Blork the orc (D:5)
  A scorpion (D:6)
  8 wights
  A howler monkey (D:7)
  2 crimson imps (D:7)
  A centaur zombie (D:7)
  2 hounds
  5 orc priests
  3 bullfrog skeletons
  An orc wizard (D:4)
  An iguana (D:7)
  2 worker ants
  2 hound skeletons (D:4)
  A worker ant zombie (D:5)
  Robin (D:2)
  11 adders
  2 oozes
  3 adder skeletons (D:4)
  5 worms
  3 leopard geckos
  37 orcs
  3 giant cockroaches
  9 goblins
  11 hobgoblins
  10 jackals
  5 quokkas
  3 ball pythons (D:3)
  12 bats
  6 frilled lizards
  A jackal zombie (D:7)
  9 kobolds
  A leopard gecko skeleton (D:5)
  9 rats
191 creatures vanquished.

Notes
Turn   | Place    | Note
-------+----------+-------------------------------------------
     0 | D:1      | Gildeon the Gargoyle Earth Elementalist began the quest for the Orb.
     0 | D:1      | Reached XP level 1. HP: 10/10 MP: 3/3
   314 | D:1      | Reached XP level 2. HP: 15/15 MP: 3/5
   318 | D:1      | Learned a level 2 spell: Passwall
   328 | D:1      | Reached skill level 4 in Earth Magic
   455 | D:1      | Reached skill level 1 in Transmutations
   677 | D:1      | Reached XP level 3. HP: 13/19 MP: 4/6
   682 | D:1      | Learned a level 3 spell: Stone Arrow
  1384 | D:2      | Noticed Robin
  1536 | D:2      | Reached skill level 1 in Armour
  1646 | D:2      | Reached skill level 1 in Fighting
  1646 | D:2      | Reached XP level 4. HP: 16/25 MP: 5/7
  1985 | D:2      | Killed Robin
  1985 | D:2      | Reached skill level 1 in Conjurations
  2093 | D:2      | HP: 1/25 [worm (6)]
  2707 | D:3      | Learned a level 2 spell: Ensorcelled Hibernation
  2855 | D:3      | Found a glowing golden altar of the Shining One.
  2858 | D:3      | Reached XP level 5. HP: 29/29 MP: 5/9
  3171 | D:3      | Noticed Sigmund
  3178 | D:3      | Killed Sigmund
  3178 | D:3      | Reached skill level 5 in Earth Magic
  3178 | D:3      | Reached XP level 6. HP: 33/34 MP: 4/11
  3195 | D:3      | Learned a level 4 spell: Petrify
  3746 | D:4      | Reached skill level 5 in Spellcasting
  3746 | D:4      | Reached skill level 5 in Conjurations
  3746 | D:4      | Reached skill level 5 in Transmutations
  3746 | D:4      | Reached skill level 5 in Ice Magic
  3746 | D:4      | Reached skill level 8 in Earth Magic
  3746 | D:4      | Reached XP level 7. HP: 38/38 MP: 11/15
  3753 | D:4      | Learned a level 5 spell: Lee's Rapid Deconstruction
  3995 | D:4      | Found Fusautost's Food Boutique.
  4090 | D:4      | Reached XP level 8. HP: 43/43 MP: 14/16
  4811 | D:5      | Entered Level 5 of the Dungeon
  4848 | D:4      | Reached skill level 1 in Maces & Flails
  5153 | D:5      | Noticed Blork the orc
  5155 | D:5      | Killed Blork the orc
  5383 | D:5      | Reached skill level 1 in Evocations
  5807 | D:5      | Learned a level 1 spell: Apportation
  6184 | D:6      | You fall through a shaft!
  6251 | D:6      | Reached XP level 9. HP: 28/48 MP: 13/17
  6352 | D:6      | Reached skill level 5 in Hexes
  6438 | D:6      | Reached skill level 1 in Translocations
  6874 | D:6      | Noticed Grinder
  6881 | D:6      | Killed Grinder
  7240 | D:7      | Noticed a hornet
  7245 | D:7      | Killed a hornet
  7245 | D:7      | Reached XP level 10. HP: 29/56 MP: 6/19
  7248 | D:7      | Reached skill level 9 in Earth Magic
  7406 | D:7      | Learned a level 1 spell: Shock
  7410 | D:7      | Learned a level 3 spell: Static Discharge
  7804 | D:7      | Found a staircase to the Ecumenical Temple.
  7811 | Temple   | Entered the Ecumenical Temple
  7858 | Temple   | Became a worshipper of Cheibriados the Contemplative
  8115 | D:8      | Noticed Erica
  8143 | D:7      | HP: 2/56 [something (4)]
  8143 | D:7      | Slain by Erica

Skill      XL: |  1  2  3  4  5  6  7  8  9 10 |
---------------+-------------------------------+-----
Earth Magic    | 4 5 8 9 |  9.1
Transmutations | 1 2 5 |  5.0
Armour         | 1 2 3 |  3.0
Fighting       | 1 2 3 |  3.1
Conjurations   | 1 5 |  5.6
Spellcasting   | 3 5 6 |  6.6
Hexes          | 4 5 |  5.0
Ice Magic      | 5 |  5.0
Maces & Flails | 1 2 |  2.0
Dodging        | 2 |  2.0
Evocations     | 1 2 |  2.0
Translocations | 3 |  3.2
Stealth        | |  2.1
Air Magic      | |  0.1

Action                   |  1- 3 |  4- 6 |  7- 9 | 10-12 || total
-------------------------+-------+-------+-------+-------++-------
Melee: Club              |    22 |       |       |       ||    22
       Mace              |    91 |    63 |       |       ||   154
       Flail             |       |    88 |   253 |    38 ||   379
 Cast: Sandblast         |    18 |    40 |    74 |     6 ||   138
       Ensorcelled Hiber |       |       |     6 |       ||     6
       Petrify           |       |       |     4 |       ||     4
       Stone Arrow       |       |       |     2 |       ||     2
       Lee's Rapid Decon |       |       |     2 |       ||     2
       Static Discharge  |       |       |       |     2 ||     2
  Use: Scroll            |     6 |     5 |     9 |       ||    20
       Potion            |       |     1 |     1 |     2 ||     4
 Stab: Sleeping          |     3 |     3 |     1 |       ||     7
       Petrified         |       |       |    14 |       ||    14
  Eat: Chunk             |     3 |     7 |     5 |     1 ||    16
       Ration            |       |       |     2 |     1 ||     3
Armor: Robe              |    58 |    76 |       |       ||   134
       Leather armour    |       |       |    60 |       ||    60
       Ring mail         |       |       |   103 |    23 ||   126
Dodge: Dodged            |   102 |   149 |   227 |    27 ||   505
